 Dungeon Sprint DCSS version 0.30.1-4-g462c640d31 (webtiles) character file.

Game seed: 1053466002830083186

4512 Heoruswealwe the Sorcerer (level 10, -8/50 HPs)
             Began as a Deep Elf Conjurer on Sept 5, 2023.
             Was an Initiate of Vehumet.
             Mangled by a deep troll (16 damage)
             ... in the Dungeon (Sprint I: "Red Sonja").
             The game lasted 00:12:56 (603 turns).

Heoruswealwe the Sorcerer (Deep Elf Conjurer)        Turns: 603, Time: 00:12:58

Health: -8/50      AC:  2    Str:  4    XL:     10   Next: 16%
Magic:  25/37      EV: 12    Int: 28    God:    Vehumet [......]
Gold:   336        SH:  0    Dex: 13    Spells: 38/52 levels left

rFire   + . .        a - +0 scythe
rCold   . . .        (shield currently unavailable)
rNeg    . . .        c - +0 robe
rPois   .            (no helmet)
rElec   .            (no cloak)
rCorr   .            (no gloves)
SInv    .            (no boots)
Will    +....        (no amulet)
Stlth   ++           k - ring "Nualiwkuaxt" {rF+ Slay+3}
HPRegen 0.28/turn    (no ring)
MPRegen 0.25/turn

%: no teleportation
@: no status effects
A: no striking features
a: Renounce Religion


You were in the Dungeon.
You worshipped Vehumet.
Vehumet was noncommittal.
You visited 1 branch You collected 622 gold pieces.
You spent 257 gold pieces at shops.
You donated 29 gold pieces to Zin.

Inventory:

Hand Weapons
 a - a +0 scythe (weapon)
Armour
 c - a +0 robe (worn)
Magical Staves
 m - a staff of death
Jewellery
 k - the ring "Nualiwkuaxt" (left hand) {rF+ Slay+3}
   (You bought it in a shop in the Dungeon)

   [ring of protection from fire]

   Slay:      It affects your accuracy & damage with ranged weapons and melee
   (+3).
   rF:        It protects you from fire.
Wands
 e - a wand of iceblast (1)
Scrolls
 h - 2 scrolls of poison {unknown}
 j - 3 scrolls of identify {unknown}
Potions
 b - 3 potions of magic
 d - a potion of heal wounds
 f - 3 potions of curing
 g - a potion of cancellation {unknown}
 i - a potion of degeneration {unknown}


   Skills:
 - Level 2.4 Dodging
 - Level 2.4 Stealth
 + Level 21.5 Spellcasting
 + Level 18.7 Conjurations


You had 38 spell levels left.
You knew the following spells:

 Your Spells              Type           Power      Damage    Failure   Level
a - Magic Dart            Conj           100%       1d8       0%          1
b - Searing Ray           Conj           100%       2d8       0%          2
c - Dazzling Flash        Conj/Hex       100%       N/A       1%          3
d - Fulminant Prism       Conj/Hex       35%        3d17      1%          4
e - Iskenderun's Mystic   Conj/Tloc      70%        2d14      1%          4

Your spell library contained the following spells:

 Spells                   Type           Power      Damage    Failure   Level


Dungeon Overview and Level Annotations

Branches:
Dungeon (1/1)

Altars:
Cheibriados
Dithmenos
Elyvilon
Fedhas
Gozag
Hepliaklqana
Kikubaaqudgha
Nemelex Xobeh
Okawaru
Qazlal
Ru
Sif Muna
Trog
Uskayaw
Vehumet
Wu Jian
Yredelemnul
Zin
The Shining One

Shops:
D **=:=*


Message History

You can access your shopping list by pressing '$'.
You now have 309 gold pieces (gained 27).
f - 3 potions of curing (gained 1)
You now have 336 gold pieces (gained 27).
There is an open door here.
You open the door.
A deep troll comes into view.
Found 108 gold pieces.
Aiming: Iceblast
Press: ? - help, Shift-Dir - straight line, f - deep troll
Aim: a deep troll The mass of ice explodes!
The iceblast engulfs the deep troll!
The deep troll is lightly wounded.
Aiming: Iceblast
Press: ? - help, Shift-Dir - straight line, f/p - deep troll
Aim: a deep troll (lightly wounded)
The mass of ice explodes!
The iceblast engulfs the deep troll!
The deep troll is moderately wounded.
Casting: Iskenderun's Mystic Blast (safe; 1% risk of failure)
Confirm with . or Enter, or press ? or * to list all spells.
You erupt in a blast of force!
The mystic blast hits the deep troll but does no damage.
The deep troll is moderately wounded.
The deep troll bites you!! The deep troll barely misses you.
The deep troll completely misses you.
Casting: Iskenderun's Mystic Blast (safe; 1% risk of failure)
Confirm with . or Enter, or press ? or * to list all spells.
You erupt in a blast of force!
The mystic blast hits the deep troll.
The deep troll is moderately wounded.
The deep troll bites you! The deep troll claws you!
* * * LOW HITPOINT WARNING * * *
The deep troll completely misses you.
Casting: Iskenderun's Mystic Blast (safe; 1% risk of failure)
Confirm with . or Enter, or press ? or * to list all spells.
You erupt in a blast of force!
The mystic blast hits the deep troll!
The deep troll is severely wounded.
The deep troll bites you.
* * * LOW HITPOINT WARNING * * *
The deep troll claws you!
You die...

#..#####'#####'#
#..####..#...#.#
#..#__####..##.#
#..#_____##'#_.+
#⌠⌠#_.∩...÷..._#
####_..__##_.#'#
#_____###'#(#
############.####+###
#∩........'.)@T$$.$$+
###''''####...#######
#.......####.###
#........#.#'#.#
#..#.....#.....#
#........#.[...#
#.....#..#######
#........# #..#.....#


You could see a deep troll.

Vanquished Creatures
  Sonja (D)
  8 shining eyes (D)
  Sigmund (D)
  A yak (D)
  4 floating eyes (D)
  An ogre (D)
  A jelly (D)
  Ijyb (D)
18 creatures vanquished.

Vanquished Creatures (others)
  2 ballistomycete spores (D)
  A fulminant prism (D)
3 creatures vanquished.

Grand Total: 21 creatures vanquished

Notes
Turn   | Place    | Note
-------+----------+-------------------------------------------
     0 | D        | Heoruswealwe the Deep Elf Conjurer began the quest for the
                  | Orb.
     0 | D        | Reached XP level 1. HP: 10/10 MP: 6/6
     1 | D        | Noticed Ijyb
    18 | D        | Killed Ijyb
    19 | D        | Reached skill level 6 in Spellcasting
    19 | D        | Reached XP level 2. HP: 12/15 MP: 7/11
    25 | D        | Learned a level 2 spell: Searing Ray
    61 | D        | Noticed an ogre
    65 | D        | Killed an ogre
    66 | D        | Reached skill level 9 in Spellcasting
    66 | D        | Reached XP level 3. HP: 19/19 MP: 7/15
    66 | D        | Reached XP level 4. HP: 24/24 MP: 7/17
   130 | D        | Noticed Sigmund
   132 | D        | Killed Sigmund
   133 | D        | Reached skill level 11 in Spellcasting
   133 | D        | Reached skill level 10 in Conjurations
   133 | D        | Reached XP level 5. HP: 18/28 MP: 18/21
   133 | D        | Reached XP level 6. HP: 21/32 MP: 18/22
   191 | D        | Found an ornate altar of the Wu Jian Council.
   191 | D        | Found a shimmering blue altar of Sif Muna.
   193 | D        | Found a radiant altar of Vehumet.
   197 | D        | Reached skill level 12 in Spellcasting
   229 | D        | Learned a level 3 spell: Dazzling Flash
   234 | D        | Learned a level 4 spell: Fulminant Prism
   239 | D        | Learned a level 4 spell: Iskenderun's Mystic Blast
   239 | D        | Found Sizuw's Book Emporium.
   239 | D        | Found an ancient bone altar of Kikubaaqudgha.
   239 | D        | Found a hazy altar of Hepliaklqana.
   239 | D        | Found a stormy altar of Qazlal.
   239 | D        | Found a hide-covered altar of Uskayaw.
   239 | D        | Found a blossoming altar of Fedhas.
   239 | D        | Found a bloodstained altar of Trog.
   239 | D        | Found an iron altar of Okawaru.
   239 | D        | Found a basalt altar of Yredelemnul.
   239 | D        | Found a glowing golden altar of the Shining One.
   239 | D        | Found a snail-covered altar of Cheibriados.
   239 | D        | Found a sacrificial altar of Ru.
   239 | D        | Found a glowing silver altar of Zin.
   239 | D        | Found a shadowy altar of Dithmenos.
   239 | D        | Found a white marble altar of Elyvilon.
   239 | D        | Noticed a yak
   248 | D        | Killed a yak
   249 | D        | Reached skill level 13 in Spellcasting
   249 | D        | Found an opulent altar of Gozag.
   250 | D        | Found a sparkling altar of Nemelex Xobeh.
   255 | D        | Became a worshipper of Zin the Law-Giver
   255 | D        | Reached * piety under Zin
   255 | D        | Reached ** piety under Zin
   255 | D        | Reached *** piety under Zin
   255 | D        | Reached **** piety under Zin
   255 | D        | Reached ***** piety under Zin
   255 | D        | Reached ****** piety under Zin
   351 | D        | Noticed Sonja
   357 | D        | Killed Sonja
   358 | D        | Reached skill level 16 in Spellcasting
   358 | D        | Reached XP level 7. HP: 34/36 MP: 17/28
   375 | D        | Found Weaza's Assorted Antiques.
   383 | D        | Bought a scroll labelled BIXODWUIKEU for 24 gold pieces
   383 | D        | Bought a scintillating ivory ring for 120 gold pieces
   383 | D        | Identified the ring "Nualiwkuaxt" {rF+ Slay+3} (You bought
                  | it in a shop in the Dungeon)
   383 | D        | Bought a scroll labelled BIXODWUIKEU for 24 gold pieces
   410 | D        | Noticed a shining eye
   410 | D        | Noticed a shining eye
   410 | D        | Noticed a shining eye
   410 | D        | Noticed a shining eye
   410 | D        | Noticed a shining eye
   410 | D        | Noticed a shining eye
   412 | D        | Noticed a shining eye
   412 | D        | Noticed a shining eye
   414 | D        | Paralysed by a floating eye for 4 turns
   419 | D        | Reached XP level 8. HP: 41/41 MP: 25/30
   421 | D        | Paralysed by a floating eye for 2 turns
   427 | D        | Paralysed by a floating eye for 4 turns
   431 | D        | Killed a shining eye
   432 | D        | Reached skill level 18 in Spellcasting
   432 | D        | Reached skill level 15 in Conjurations
   442 | D        | Killed a shining eye
   442 | D        | Killed a shining eye
   443 | D        | Reached skill level 19 in Spellcasting
   443 | D        | Reached XP level 9. HP: 45/45 MP: 18/34
   448 | D        | Killed a shining eye
   448 | D        | Killed a shining eye
   448 | D        | Killed a shining eye
   449 | D        | Reached skill level 20 in Spellcasting
   451 | D        | Killed a shining eye
   451 | D        | Killed a shining eye
   452 | D        | Reached skill level 21 in Spellcasting
   452 | D        | Reached XP level 10. HP: 50/50 MP: 12/37
   462 | D        | Fell from the grace of Zin
   462 | D        | Became a worshipper of Vehumet
   487 | D        | Found Cuhuamn's General Store.
   487 | D        | Found Waihaix's Jewellery Shop.
   487 | D        | Found Teho's Jewellery Emporium.
   487 | D        | Found Aryfisubb's Assorted Antiques.
   500 | D        | Bought a gluggy blue potion for 20 gold pieces
   500 | D        | Bought a scroll labelled ACVICLEWKA for 23 gold pieces
   500 | D        | Bought a scroll labelled ACVICLEWKA for 23 gold pieces
   500 | D        | Bought a scroll labelled ACVICLEWKA for 23 gold pieces
   598 | D        | Noticed a deep troll
   603 | D        | Mangled by a deep troll

Illustrated notes

Levels and vault maps discovered:
D:        dungeon_sprint_1 [red_sonja_temple_1, red_sonja_temple_small_1]

Skill      XL: |  1  2  3  4  5  6  7  8  9 |
---------------+----------------------------+-----
Spellcasting   | 6 9 11 16 19 21 | 21.5
Conjurations   | 6 8 10 14 16 18 | 18.7
Dodging        | |  2.4
Stealth        | |  2.4

Action                     |  1- 3 |  4- 6 |  7- 9 | 10-12 || total
---------------------------+-------+-------+-------+-------++-------
  Melee: Unarmed           |    13 |       |       |       ||    13
   Cast: Searing Ray       |     2 |     1 |       |       ||     3
         Iskenderun's Myst |       |     5 |     6 |     3 ||    14
         Magic Dart        |       |     3 |       |       ||     3
         Fulminant Prism   |       |     1 |       |       ||     1
  Evoke: Wand              |     1 |     6 |       |     2 ||     9
    Use: Potion            |     2 |       |       |       ||     2
         Scroll            |     1 |       |       |       ||     1
 Armour: Robe              |     1 |     1 |       |       ||     2
  Dodge: Dodged            |     5 |     3 |       |     3 ||    11
